 Dungeon Sprint DCSS version 0.16.2-12-gd0ad4c3 (webtiles) character file.

536 Horhen the Thaumaturge (level 7, -6/36 HPs)
             Began as a Deep Elf Conjurer on Sept 24, 2015.
             Was an Initiate of Vehumet.
             Killed by an exploding fulminant prism (16 damage)
             ... created by the player character
             ... in the Dungeon (Sprint I: "Red Sonja").
             The game lasted 00:03:00 (521 turns).

Horhen the Thaumaturge (Deep Elf Conjurer)           Turns: 521, Time: 00:03:00

Health: -6/36      AC:  1    Str:  5    XL:     7   Next: 4%
Magic:  14/30      EV: 13    Int: 22    God:    Vehumet [......]
Gold:   340        SH:  0    Dex: 15    Spells: 5 memorised, 17 levels left

rFire  . . .     SeeInvis .     (no weapon)
rCold  . . .     Clarity  .     k - -1 robe (curse)
rNeg   . . .     SustAb   .     (no shield)
rPois  .         Gourm    .     (no helmet)
rElec  .         Spirit   .     (no cloak)
rCorr  .         Warding  .     (no gloves)
rMut   .         NoTele   +     (no boots)
MR     .....                    (no amulet)
Stlth  ++........               (no ring)
                                (no ring)

@: not resistant to hostile enchantments, unstealthy
A: no striking features
a: Renounce Religion


You were in the Dungeon.
You worshipped Vehumet.
Vehumet was noncommittal.
You were not hungry.

You visited 1 branch You collected 405 gold pieces.
You spent 65 gold pieces at shops.

Inventory:

Armour
 a - a +0 robe
 k - a cursed -1 robe (worn)
Magical devices
 h - a wand of digging (18)
Scrolls
 e - a scroll of identify
 i - a scroll of blinking
 m - a scroll of remove curse
Potions
 d - a potion of curing
 f - a potion of haste
 g - 2 potions of magic
 n - a potion of heal wounds
Books
 c - a book of Conjurations

   Spells                             Type                      Level
   a - Magic Dart                     Conjuration                  1
   b - Searing Ray                    Conjuration                  2
   c - Dazzling Spray                 Conjuration/Hexes            3
   d - Fulminant Prism                Conjuration/Hexes            4
   e - Iskenderun's Mystic Blast      Conjuration                  4
   f - Iskenderun's Battlesphere      Conjuration/Charms           5
Comestibles
 b - a bread ration


   Skills:
 - Level 2.4 Dodging
 - Level 2.4 Stealth
 * Level 13.5 Spellcasting
 + Level 12.1 Conjurations
 - Level 2.3 Charms


You had 17 spell levels left.
You knew the following spells:

 Your Spells              Type           Power        Failure   Level  Hunger
a - Magic Dart            Conj           ####         1%          1    None
b - Iskenderun's Battles  Conj/Chrm      #####...     8%          5    ###....
c - Searing Ray           Conj           ######       1%          2    None
d - Iskenderun's Mystic   Conj           ######..     1%          4    None
e - Fulminant Prism       Conj/Hex       #####.....   4%          4    None


Dungeon Overview and Level Annotations

Branches:
Dungeon (1/1)

Altars:
Elyvilon
Gozag
Kikubaaqudgha
Makhleb
Nemelex Xobeh
Okawaru
Qazlal
Ru
Sif Muna
Trog
Vehumet
Xom
Yredelemnul
Zin
The Shining One

Shops:
D ??


Message History

Casting: Iskenderun's Mystic Blast
Confirm with . or Enter, or press ? or * to list all spells.
Aiming: Iskenderun's Mystic Blast
Press: ? - help, Shift-Dir - straight line, f/p - deep troll
Aim: a deep troll (lightly wounded) Really fire through your fulminant prism?
The orb of energy hits the deep troll.
The deep troll is moderately wounded.
Your battlesphere fires!
The barrage of energy hits the deep troll.
The deep troll is heavily wounded.
The deep troll bites you!!
Ouch! That really hurt!
The deep troll barely misses you. The deep troll claws you.
* * * LOW HITPOINT WARNING * * *
Your fulminant prism explodes!
The blast of energy engulfs the deep troll.
The deep troll is severely wounded.
The blast of energy engulfs you!
You die...

#...####'#####'#
#..####..#...#(#
#..#__####..##[#
#..#_..__##'#..+
#⌠⌠#_.∩...'..._#
####_..._##_.#'#
#_____###'#.#
############.####+###
#∩^.......'@T.'$$.$$+
###++++####*).#######
##.## #+#


You could see a deep troll.

Vanquished Creatures
  Sonja (D)
  A yak (D)
  An ogre (D)
  Sigmund (D)
  A jelly (D)
  Ijyb (D)
6 creatures vanquished.

Vanquished Creatures (others)
  2 fulminant prisms (D)
2 creatures vanquished.

Grand Total: 8 creatures vanquished

Notes
Turn   | Place    | Note
--------------------------------------------------------------
     0 | D        | Horhen, the Deep Elf Conjurer, began the quest for the Orb.
     0 | D        | Reached XP level 1. HP: 10/10 MP: 5/5
     2 | D        | Noticed Ijyb
    18 | D        | Killed Ijyb
    18 | D        | Reached skill level 6 in Conjurations
    18 | D        | Reached XP level 2. HP: 11/15 MP: 5/10
   147 | D        | Learned a level 2 spell: Searing Ray
   151 | D        | Noticed an ogre
   155 | D        | Killed an ogre
   155 | D        | Reached skill level 7 in Spellcasting
   155 | D        | Reached skill level 9 in Conjurations
   155 | D        | Reached XP level 3. HP: 19/19 MP: 8/17
   155 | D        | Reached XP level 4. HP: 24/24 MP: 9/20
   172 | D        | Learned a level 4 spell: Fulminant Prism
   177 | D        | Learned a level 4 spell: Iskenderun's Mystic Blast
   226 | D        | Noticed Sigmund
   230 | D        | Killed Sigmund
   230 | D        | Reached skill level 10 in Conjurations
   230 | D        | Reached XP level 5. HP: 28/28 MP: 14/23
   289 | D        | Learned a level 5 spell: Iskenderun's Battlesphere
   302 | D        | Found a deep blue altar of Sif Muna.
   303 | D        | Noticed a jelly
   304 | D        | Found a radiant altar of Vehumet.
   309 | D        | Killed a jelly
   336 | D        | Became a worshipper of Vehumet
   337 | D        | Found Fidwacs' Magic Scroll Emporium.
   337 | D        | Found a white marble altar of Elyvilon.
   337 | D        | Found a burning altar of Makhleb.
   337 | D        | Found a sacrificial altar of Ru.
   337 | D        | Found a glowing golden altar of the Shining One.
   337 | D        | Found an opulent altar of Gozag.
   337 | D        | Found a glowing silver altar of Zin.
   337 | D        | Noticed a yak
   340 | D        | Killed a yak
   340 | D        | Reached skill level 11 in Spellcasting
   340 | D        | Reached XP level 6. HP: 32/32 MP: 11/27
   342 | D        | Found a stormy altar of Qazlal.
   342 | D        | Found a basalt altar of Yredelemnul.
   342 | D        | Found an iron altar of Okawaru.
   342 | D        | Found a sparkling altar of Nemelex Xobeh.
   342 | D        | Found a shimmering altar of Xom.
   342 | D        | Found an ancient bone altar of Kikubaaqudgha.
   343 | D        | Found a bloodstained altar of Trog.
   347 | D        | Bought a scroll of remove curse for 39 gold pieces
   347 | D        | Bought a scroll of identify for 26 gold pieces
   424 | D        | Noticed Sonja
   427 | D        | Killed Sonja
   427 | D        | Reached skill level 13 in Spellcasting
   427 | D        | Reached XP level 7. HP: 36/36 MP: 11/30
   441 | D        | Found Wivijeet's Magic Scroll Boutique.
   516 | D        | Noticed a deep troll
   521 | D        | Killed by an exploding fulminant prism

Action                   |  1- 3 |  4- 6 |  7- 9 || total
-------------------------+-------+-------+-------++-------
Melee: Unarmed           |    13 |       |       ||    13
 Cast: Magic Dart        |     1 |       |       ||     1
       Searing Ray       |     1 |     3 |       ||     4
       Fulminant Prism   |       |     2 |     1 ||     3
       Iskenderun's Myst |       |     3 |     3 ||     6
       Iskenderun's Batt |       |     2 |     1 ||     3
  Use: Potion            |     1 |     1 |       ||     2
